 Dungeon Crawl Stone Soup version 0.28-a0-1374-ga75cb3825e (webtiles) character file.

Game seed: 1262396176013157143

27 geedmat the Ruffian (level 3, -3/31 HPs)
             Began as a Hill Orc Monk on Jan 1, 2022.
             Slain by a gnoll (4 damage)
             ... on level 2 of the Dungeon.
             The game lasted 00:03:21 (1147 turns).

geedmat the Ruffian (Hill Orc Monk)                 Turns: 1147, Time: 00:03:22

Health: -3/31      AC:  3    Str: 15    XL:     3   Next: 10%
Magic:  3/3        EV: 12    Int: 10    God:
Gold:   29         SH:  0    Dex: 13    Spells: 2/2 levels left

rFire   . . .      SeeInvis .     - Unarmed
rCold   . . .      Faith    .   (no shield)
rNeg    . . .      Spirit   .   a - +1 robe
rPois   .          Reflect  .   (no helmet)
rElec   .          Harm     .   (no cloak)
rCorr   .          Rampage  .   (no gloves)
Will    .....                   (no boots)
Stlth   ++........              (no amulet)
HPRegen 0.10/turn               (no ring)
MPRegen 0.08/turn               (no ring)

@: no status effects
A: no striking features
a: no special abilities


You were on level 2 of the Dungeon.
You visited 1 branch of the dungeon, and saw 2 of its levels.

You collected 29 gold pieces.

Inventory:

Armour
 a - a +1 robe (worn)
Potions
 c - a potion of attraction


   Skills:
 - Level 3.6 Fighting
 - Level 2.4 Dodging
 - Level 1.5 Stealth
 + Level 4.6 Unarmed Combat


You had 2 spell levels left.
You didn't know any spells.
Your spell library was empty.

Dungeon Overview and Level Annotations

Branches:
Dungeon (2/15)

Altars:

Shops:
D:1 *=[=


Message History

You closely miss the adder.
The adder is severely wounded.
The adder barely misses you.
You hit the adder.
You kill the adder!
You have reached level 3!
Your experience leads to an increase in your attributes!
Increase (S)trength, (I)ntelligence, or (D)exterity?
You feel stronger. x2
You start resting.
HP restored.
You see here an adder corpse.
A gnoll comes into view. It is wielding a +2 whip of flaming.
A gnoll comes into view. It is wielding a +0 whip.
The gnoll shouts! x2
A rat comes into view.
A gnoll comes into view. It is wielding a +0 spear.
You see here an adder corpse.
Things that are here:
a +0 dagger; a goblin corpse You hit the gnoll.
The gnoll is lightly wounded.
The gnoll hits you with a +2 whip of flaming.
The gnoll burns you.
You barely miss the gnoll.
The gnoll is lightly wounded.
The gnoll hits you with a +2 whip of flaming!
The gnoll burns you.
* * * LOW HITPOINT WARNING * * *
You hit the gnoll but do no damage.
The gnoll is lightly wounded.
The gnoll hits you with a +2 whip of flaming.
* * * LOW HITPOINT WARNING * * *
The gnoll burns you.
* * * LOW HITPOINT WARNING * * *
You barely miss the gnoll.
The gnoll is lightly wounded.
You barely miss the gnoll. You barely miss the gnoll.
The gnoll hits you with a +0 whip.
You die...

##.#... ......
#..#.#
.######..#.#
.........#<#
.......)...#
........####
#.####...# #
#.#@# .#
#.#g####.##.#
#.rg.#....?..
#.###†.# ..g
#..#.##.# ###.
#.......#
#.....#.#.#..#
..#.#.##......#
.g. #.#.#..?.


You could see 3 gnolls and a rat.

Vanquished Creatures
  An adder (D:2)
  An endoplasm (D:1)
  2 giant cockroaches (D:1)
  6 goblins
  A hobgoblin (D:1)
  A quokka (D:1)
  A frilled lizard (D:1)
  2 kobolds (D:1)
  A rat (D:1)
16 creatures vanquished.

Notes
Turn   | Place    | Note
-------+----------+-------------------------------------------
     0 | D:1      | geedmat the Hill Orc Monk began the quest for the Orb.
     0 | D:1      | Reached XP level 1. HP: 19/19 MP: 1/1
   102 | D:1      | Found Giniqow's Jewellery Boutique.
   103 | D:1      | Found Xemmupn's Armour Boutique.
   430 | D:1      | Reached XP level 2. HP: 26/26 MP: 2/2
   462 | D:1      | Found Cixuuba's Jewellery Emporium.
   520 | D:1      | Reached skill level 4 in Unarmed Combat
   674 | D:1      | Found a faded altar of an unknown god.
   960 | D:1      | Found Ideggum's General Store.
  1108 | D:2      | Reached XP level 3. HP: 28/31 MP: 3/3
  1144 | D:2      | HP: 1/31 [gnoll (2)]
  1147 | D:2      | Slain by a gnoll

Illustrated notes

Levels and vault maps discovered:
D:1:      dpeg_arrival_arbitrary_c, layout_basic,
          shapermc_ecumenical_altar_notcrosses, serial_shops,
          nicolae_shop_trees, shop, nicolae_shop_hallway_plus,
          nicolae_shop_behind_doors, minivault_26
D:2:      layout_loops_ring, serial_glass, glass_columns_a, glass_columns_b,
          glass_columns_b, glass_columns_a, glass_columns_a, glass_columns_a,
          st_stairs_4, minmay_misc_feat_hallway, uniq_sigmund

Skill      XL: |  1  2 |
---------------+-------+-----
Unarmed Combat | 4 |  4.6
Fighting       | |  3.6
Dodging        | |  2.4
Stealth        | |  1.5

Action                   || total
-------------------------++-------
Melee: Unarmed           ||    55
  Use: Scroll            ||     4
 Stab: Sleeping          ||     3
Armor: Robe              ||     7
Dodge: Dodged            ||    27

Table legend: (Time is in decaauts)
 A = Elapsed time spent in this place.
 B = Non-inter-level travel time spent in this place.
 C = Inter-level travel time spent in this place.
 D = Time resting spent in this place.
 E = Time spent auto-exploring this place.
 F = Levels seen in this place.
 G = Mean time per level.
                   A        B        C        D        E       F      G
               +--------+--------+--------+--------+--------+-----+--------+
         Total |   1144 |   1120 |     24 |    315 |    569 |   2 |  572.0 |
       Dungeon |   1144 |   1120 |     24 |    315 |    569 |   2 |  572.0 |
               +--------+--------+--------+--------+--------+-----+--------+

Top non-repeatable levels by time:
     D:1: 1089 daAuts
     D:2: 54 daAuts
